 Dungeon Crawl Stone Soup version 0.19.4 (webtiles) character file.

1263 Patate the Fighter (level 8, -6/55 HPs)
             Began as a Gargoyle Fighter on Jan 29, 2017.
             Was an Initiate of Okawaru.
             Mangled by an ogre
             ... wielding a +0 giant club
              (20 damage)
             ... on level 6 of the Dungeon on Feb 4, 2017.
             The game lasted 00:20:45 (6112 turns).

Patate the Fighter (Gargoyle Fighter)               Turns: 6112, Time: 00:20:46

Health: -6/55      AC: 14    Str: 22    XL:     8   Next: 52%
Magic:  8/8        EV: 11    Int:  9    God:    Okawaru [......]
Gold:   415        SH:  9    Dex:  9    Spells: 0 memorised, 7 levels left

rFire  . . .     SeeInvis .     a - +0 flail
rCold  . . .     Gourm    .     b - +0 scale mail
rNeg   + . .     Faith    .     c - +0 shield
rPois  ∞         Spirit   .     (no helmet)
rElec  +         Reflect  .     (no cloak)
rCorr  .         Harm     .     (no gloves)
MR     .....                    q - +0 pair of boots
Stlth  ..........               (no amulet)
                                (no ring)
                                s - +4 ring of evasion

@: no status effects
A: negative energy resistance 1, electricity resistance, unbreathing,
petrification resistance, rot immunity, AC +5
a: Renounce Religion


You were on level 6 of the Dungeon.
You worshipped Okawaru.
Okawaru was noncommittal.
You were not hungry.

You visited 2 branches of the dungeon, and saw 7 of its levels.

You collected 415 gold pieces.

Inventory:

Hand Weapons
 a - a +0 flail (weapon)
Armour
 b - a +0 scale mail (worn)
 c - a +0 shield (worn)
 q - a +0 pair of boots (worn)
Jewellery
 s - a +4 ring of evasion (left hand)
 F - a cursed -5 ring of evasion
Wands
 B - a wand of flame (12/48)
 C - a wand of confusion (21/48)
Scrolls
 g - a scroll of fear {unknown}
 l - 4 scrolls of remove curse {unknown}
 n - a scroll of random uselessness {unknown}
 o - 2 scrolls of identify
 p - 2 scrolls of noise {unknown}
 r - a scroll of enchant weapon {unknown}
 u - a scroll of amnesia {unknown}
 v - a scroll of fog {unknown}
 x - 2 scrolls of magic mapping {unknown}
 y - a scroll of enchant armour {unknown}
 A - a scroll of blinking
 E - 2 scrolls of teleportation {unknown}
Potions
 e - a potion of lignification
 i - 3 potions of agility
 j - a potion of curing {unknown}
 k - a potion of heal wounds
 t - a potion of flight {unknown}
 w - a potion of haste {unknown}
 z - 3 potions of mutation {unknown}
Comestibles
 d - a royal jelly
 f - 5 bread rations
 h - 2 meat rations
 m - a slice of pizza
 D - a beef jerky
 G - 7 chunks of flesh


   Skills:
 * Level 8.4 Fighting
 + Level 5.2 Maces & Flails
 + Level 6.5 Armour
 - Level 3.2 Shields


You had 7 spell levels left.
You didn't know any spells.

Dungeon Overview and Level Annotations

Branches:
Dungeon (6/15)             Temple (1/1) D:5

Altars:
Ashenzari
Cheibriados
Dithmenos
Elyvilon
Fedhas
Gozag
Hepliaklqana
Kikubaaqudgha
Makhleb
Nemelex Xobeh
Okawaru
Qazlal
Ru
Sif Muna
Trog
Uskayaw
Vehumet
Xom
Zin
The Shining One


Innate Abilities, Weirdness & Mutations

You are resistant to torment.
Your stone body is resilient. (AC +5)
You are immune to poison.
You resist negative energy. (rN+)
You are resistant to electric shocks. (rElec)
You can survive without breathing.
You are immune to petrification.
You are immune to rotting.


Message History

The bullfrog hits you but does no damage. x2
You closely miss the bullfrog.
The bullfrog is almost dead.
You block the bullfrog's attack.
You sock the bullfrog!
You kill the bullfrog!
Okawaru accepts your kill.
Your shield and scale mail prevent you from hitting the ogre.
The ogre hits you with a giant club!
You sock the ogre!
The ogre is moderately wounded.
The ogre hits you with a giant club!
You sock the ogre!
The ogre is almost dead.
The ogre hits you with a giant club.
* * * LOW HITPOINT WARNING * * *
You barely miss the ogre.
The ogre is almost dead.
The ogre hits you with a giant club!!
You die...

#.....# . #.....# .
####+## #.....# .
....... #.....+ ......#
..... #.....# ......#
.... #.....#
......###### #.. #.....#
.._......##.###O##.....#
.........#......@......#
.........+......##.....#
.........#......##.....#
.........#####..##.....#
...######....#..##.....#
...# #....'.........#
..)# #....#.........#
...# #....###########
#### ######


You could see an ogre.

Vanquished Creatures
  An ice beast (D:3)
  A sky beast (D:5)
  2 phantoms
  Blork the orc (D:6)
  2 bullfrogs (D:6)
  2 howler monkeys
  A crimson imp (D:4)
  2 hounds (D:4)
  An orc wizard (D:4)
  2 orc priests (D:4)
  A bullfrog skeleton (D:4)
  A centaur skeleton (D:4)
  Natasha (D:2)
  3 iguanas
  3 worker ants
  A howler monkey zombie (D:5)
  7 gnolls
  6 adders
  A shadow imp (D:4)
  A white imp (D:4)
  2 worms
  4 dart slugs
  3 leopard geckos
  7 orcs
  8 giant cockroaches
  5 goblins
  5 hobgoblins
  3 jackals (D:4)
  7 bats
  4 frilled lizards
  8 kobolds
  A quokka skeleton (D:3)
  7 rats
104 creatures vanquished.

Vanquished Creatures (others)
  2 fungi (D:3)
2 creatures vanquished.

Grand Total: 106 creatures vanquished

Notes
Turn   | Place    | Note
-------+----------+-------------------------------------------
     0 | D:1      | Patate the Gargoyle Fighter began the quest for the Orb.
     0 | D:1      | Reached XP level 1. HP: 14/14 MP: 1/1
    63 | D:1      | Upgraded the game from 0.19.3-4-gbf9329e to 0.19.4
   414 | D:1      | Reached XP level 2. HP: 17/19 MP: 2/2
  1161 | D:2      | Found a hide-covered altar of Uskayaw.
  1167 | D:2      | Reached XP level 3. HP: 24/24 MP: 3/3
  1183 | D:2      | Reached skill level 4 in Fighting
  1185 | D:2      | Noticed Natasha
  1203 | D:2      | Killed Natasha
  1203 | D:2      | Reached XP level 4. HP: 7/29 MP: 4/4
  2179 | D:3      | Reached XP level 5. HP: 16/34 MP: 5/5
  2421 | D:3      | Reached skill level 5 in Fighting
  3061 | D:3      | Noticed an ice beast
  3069 | D:3      | Killed an ice beast
  3069 | D:3      | Reached XP level 6. HP: 40/40 MP: 6/6
  3339 | D:4      | Noticed a phantom
  3440 | D:4      | Killed a phantom
  3440 | D:4      | Reached skill level 5 in Armour
  3568 | D:4      | Reached skill level 6 in Fighting
  3600 | D:4      | Reached XP level 7. HP: 46/46 MP: 7/7
  4486 | D:4      | Reached skill level 7 in Fighting
  4803 | D:5      | Entered Level 5 of the Dungeon
  4805 | D:5      | Found a shimmering altar of Xom.
  4981 | D:5      | Found a hazy altar of Hepliaklqana.
  5150 | D:5      | Reached XP level 8. HP: 43/53 MP: 8/8
  5271 | D:5      | Found a staircase to the Ecumenical Temple.
  5284 | Temple   | Entered the Ecumenical Temple
  5367 | Temple   | Became a worshipper of Warmaster Okawaru
  5978 | D:6      | Reached skill level 8 in Fighting
  5978 | D:6      | Reached skill level 5 in Maces & Flails
  5979 | D:6      | Found a glowing silver altar of Zin.
  6000 | D:6      | Noticed Blork the orc
  6011 | D:6      | Killed Blork the orc
  6012 | D:6      | Found a snail-covered altar of Cheibriados.
  6112 | D:6      | Mangled by an ogre

Skill      XL: |  1  2  3  4  5  6  7  8 |
---------------+-------------------------+-----
Fighting       | 4 5 6 7 8 |  8.4
Armour         | 4 5 6 |  6.5
Maces & Flails | 3 4 5 |  5.2
Shields        | |  3.2

Action                   |  1- 3 |  4- 6 |  7- 9 || total
-------------------------+-------+-------+-------++-------
Melee: Flail             |   105 |   281 |   238 ||   624
  Use: Scroll            |     2 |     1 |     1 ||     4
       Potion            |     1 |       |     2 ||     3
  Eat: Chunk             |     1 |     7 |    10 ||    18
Armor: Scale mail        |    46 |   150 |   102 ||   298
Dodge: Dodged            |    35 |    89 |   103 ||   227
Block: Shield            |    62 |   128 |   105 ||   295
